 Dungeon Crawl Stone Soup version 0.27-a0-346-ga689d4a613 (webtiles) character file.

Game seed: 2646149478053657879

1939 dickylongcocking the Gouger (level 8, 0/38 HPs)
             Began as a Felid Monk on Feb 15, 2021.
             Was a Follower of Uskayaw.
             Succumbed to a killer bee's poison
             ... on level 7 of the Dungeon on Feb 16, 2021.
             The game lasted 00:05:52 (7696 turns).

dickylongcocking the Gouger (Felid Monk)            Turns: 7696, Time: 00:05:52

Health: 0/38       AC:  2    Str:  5 (7)  XL:     8   Next: 98%
Magic:  20/33      EV: 23    Int: 10 (12) God:    Uskayaw [*.....]
Gold:   423        SH:  0    Dex: 17 (20) Spells: 2/7 levels left
                                        Lives:  0   Deaths: 2

rFire    . . .     SeeInvis +     - Unarmed
rCold    . . .     Faith    +   (shield unavailable)
rNeg     . . .     Spirit   .   (armour unavailable)
rPois    .         Reflect  .   (helmet unavailable)
rElec    .         Harm     .   (cloak unavailable)
rCorr    .         Rampage  .   (gloves unavailable)
Will     +....                  (boots unavailable)
Stlth    +++.......             r - amulet of faith
HPRegen  0.12/turn              s - ring of magical power
MPRegen  0.23/turn              p - ring of magical power

@: lethally poisoned (0 -> -4), quick
A: very small, no armour, no weapons or thrown items, stealth, claws 1, fangs 3,
see invisible, speed 1, shaggy fur 2, sharp paws
a: Renounce Religion, Stomp


You were on level 7 of the Dungeon.
You worshipped Uskayaw.
Uskayaw was aware of your devotion.
You visited 1 branch of the dungeon, and saw 8 of its levels.

You collected 423 gold pieces.

Inventory:

Jewellery
 p - a ring of magical power (right paw)
 r - an amulet of faith (around neck)
 s - a ring of magical power (left paw)
Wands
 c - a wand of random effects (39)
Scrolls
 a - 2 scrolls of magic mapping {unknown}
 d - 2 scrolls of enchant armour {unknown}
 e - 2 scrolls of teleportation
 f - 2 scrolls of noise {unknown}
 h - 2 scrolls of blinking {unknown}
 i - 4 scrolls of identify {unknown}
 j - a scroll of amnesia {unknown}
 n - 2 scrolls of enchant weapon {unknown}
 o - 3 scrolls of fear {unknown}
 t - a scroll of immolation {unknown}
Potions
 b - 3 potions of magic
 g - a potion of curing
 k - a potion of invisibility {unknown}
 m - 3 potions of degeneration
 q - a potion of attraction {unknown}
 v - a potion of might {unknown}


   Skills:
 * Level 5.8 Fighting
 * Level 7.8 Dodging
 - Level 3.0 Stealth
 * Level 9.5 Unarmed Combat
 * Level 8.9 Invocations


You had 2 spell levels left.
You knew the following spells:

 Your Spells              Type           Power        Failure   Level
a - Blade Hands           Tmut           0%           100%        5

Your spell library contained the following spells:

 Spells                   Type           Power        Failure   Level
 Animate Skeleton         Necr           0%           36%         1
 Beastly Appendage        Tmut           0%           36%         1
 Pain                     Necr           0%           36%         1
 Wereblood                Tmut           0%           50%         2
 Confusing Touch          Hex            0%           75%         3
 Gell's Gravitas          Tloc           0%           75%         3
 Spider Form              Tmut/Pois      0%           75%         3
 Vampiric Draining        Necr           0%           75%         3
 Animate Dead             Necr           0%           98%         4
 Ice Form                 Ice/Tmut       0%           98%         4
 Petrify                  Tmut/Erth      0%           98%         4
 Agony                    Necr           0%           100%        5
 Metabolic Englaciation   Hex/Ice        0%           100%        5
 Yara's Violent Unravell  Hex/Tmut       0%           100%        5


Dungeon Overview and Level Annotations

Branches:
Dungeon (8/15)             Temple (0/1) D:6
   Lair: D:8-11

Altars:
Ashenzari
Cheibriados
Dithmenos
Gozag
Makhleb
Qazlal
Uskayaw
Vehumet
Xom
Yredelemnul


Innate Abilities, Weirdness & Mutations

You cannot wear armour.
You are incapable of wielding weapons or throwing items.
Your paws allow you to move quietly. (Stealth)
You have sharp claws.
You have razor-sharp teeth.
You have supernaturally acute eyesight. (SInv)
You cover ground quickly.
You are covered in thick fur. (AC +2)
Your sharp claws are effective at attacking unaware monsters.


Message History

You kill the killer bee!
You can no longer pass through a line of other dancers.
The killer bee closely misses you.
Unknown command.
You scratch the killer bee.
The killer bee is lightly wounded.
The killer bee completely misses you. The killer bee misses you.
You can now pass through a line of other dancers.
You scratch the killer bee.
The killer bee is heavily wounded.
The killer bee completely misses you.
You miss the killer bee.
The killer bee is heavily wounded.
The killer bee completely misses you. x2
You closely miss the killer bee.
The killer bee is heavily wounded.
The killer bee misses you. The killer bee stings you!
* * * LOW HITPOINT WARNING * * *
You closely miss the killer bee.
The killer bee is heavily wounded.
The killer bee completely misses you.
Unknown command.
You stomp with the beat, sending a shockwave through the revellers around you!
The killer bee is almost dead.
You can no longer pass through a line of other dancers.
The killer bee barely misses you. The killer bee closely misses you.
You can now pass through a line of other dancers.
Unknown command.
You scratch the killer bee but do no damage.
The killer bee is almost dead.
The killer bee misses you. The killer bee stings you!
* * * LOW HITPOINT WARNING * * *
You are lethally poisoned!
The killer bee poisons you!
Unknown command.
Unknown command.
You stomp with the beat, sending a shockwave through the revellers around you!
You kill the killer bee!
You can no longer pass through a line of other dancers.
You die...

..............# #.#..#.....#.#.
.###.########## #.......8.....#
.# #.# #.#..#.....#.#. [###.#
#.##.#8...8#... [)##.#
#.##.###.#####. ..##.#####
######.##.......#... .........#
##...##.###.####.#... ...#.###.##
#.....#.##.)# #....(
..##.##.#.###...@†..##.## #.#...
.###.#.###.##.>†.)#....#####.#..)
......## ##.#....)...........###.
.....## ##.....<.....#####.....
..###.## ##.#....................
..####.###............###########
........#.####..#######
.######..## #..# #### .# #.##
#..####### #...


There were no monsters in sight!

Vanquished Creatures
  Menkaure (D:7)
  An orc warrior (D:6)
  An ice beast (D:7)
  2 sky beasts
  3 ogres
  A phantom (D:7)
  2 centaurs
  2 kobold brigands (D:7)
  4 bullfrogs (D:7)
  2 water moccasin skeletons
  A wyvern skeleton (D:5)
  4 killer bees (D:7)
  A bullfrog zombie (D:7)
  4 hounds
  A bullfrog skeleton (D:4)
  An orc priest (D:6)
  8 worker ants
  4 iguanas
  5 orc wizards
  A hound skeleton (D:5)
  3 gnolls (D:5)
  5 adders
  2 white imps
  An ufetubus (D:6)
  An ooze (D:3)
  An adder skeleton (D:4)
  2 worms
  2 dart slugs
  6 leopard geckos
  20 orcs
  10 giant cockroaches
  5 goblins (D:3)
  3 hobgoblins
  4 jackals (D:7)
  3 quokkas
  14 bats
  4 frilled lizards
  12 kobolds
  A leopard gecko skeleton (D:7)
  A leopard gecko zombie (D:3)
  A quokka zombie (D:5)
  A rat (D:3)
151 creatures vanquished.

Notes
Turn   | Place    | Note
-------+----------+-------------------------------------------
     0 | D:1      | dickylongcocking the Felid Monk began the quest for the
                  | Orb.
     0 | D:1      | Reached XP level 1. HP: 10/10 MP: 2/2
   108 | D:2      | Found a shimmering altar of Xom.
   230 | D:2      | Reached XP level 2. HP: 9/14 MP: 3/3
   353 | D:3      | Found a hide-covered altar of Uskayaw.
   369 | D:3      | Became a worshipper of Uskayaw the Reveller
   369 | D:3      | Reached * piety under Uskayaw
   466 | D:2      | Reached ** piety under Uskayaw
  1130 | D:3      | Reached XP level 3. HP: 17/17 MP: 4/4
  1245 | D:3      | Reached skill level 8 in Unarmed Combat
  1245 | D:3      | Reached XP level 4. HP: 15/21 MP: 4/10
  1268 | D:3      | Reached *** piety under Uskayaw
  1273 | D:3      | Reached **** piety under Uskayaw
  1770 | D:3      | Reached XP level 5. HP: 18/24 MP: 11/11
  2213 | D:3      | Found an opulent altar of Gozag.
  2671 | D:4      | Found a shadowy altar of Dithmenos.
  2695 | D:4      | Noticed an ogre
  2702 | D:4      | Killed an ogre
  2703 | D:4      | Reached skill level 5 in Dodging
  2703 | D:4      | Gained mutation: You are covered in thick fur. (AC +2)
                  | [Felid growth]
  2703 | D:4      | Reached XP level 6. HP: 28/28 MP: 12/12
  3211 | D:5      | Entered Level 5 of the Dungeon
  3360 | D:5      | Slain by a wyvern skeleton
  3361 | D:5      | Reached XP level 5. HP: 0/25 MP: 11/11
  3388 | D:5      | Noticed an ogre
  3389 | D:5      | Found a radiant altar of Vehumet.
  3395 | D:5      | Killed an ogre
  3396 | D:5      | Reached XP level 6. HP: 28/28 MP: 12/12
  3698 | D:5      | Found a stormy altar of Qazlal.
  3699 | D:5      | Found a broken altar of Ashenzari.
  3699 | D:5      | Found a basalt altar of Yredelemnul.
  3700 | D:5      | Found a snail-covered altar of Cheibriados.
  3746 | D:5      | Reached XP level 7. HP: 32/32 MP: 13/13
  3820 | D:5      | Found a burning altar of Makhleb.
  4166 | D:6      | Found a staircase to the Ecumenical Temple.
  4318 | D:6      | Killed from afar by an orc wizard
  4319 | D:6      | Reached XP level 6. HP: -4/29 MP: 13/13
  4389 | D:6      | Killed an orc warrior
  4390 | D:6      | Reached XP level 7. HP: 20/33 MP: 4/14
  4703 | D:6      | Reached skill level 9 in Unarmed Combat
  5503 | D:6      | Reached skill level 5 in Fighting
  6178 | D:7      | Learned a level 5 spell: Blade Hands
  6295 | D:7      | Reached XP level 8. HP: 32/37 MP: 15/15
  6375 | D:7      | Noticed Menkaure
  6379 | D:7      | Killed Menkaure
  7218 | D:8      | Noticed a polar bear
  7695 | D:7      | HP: 1/38 [killer bee (9)]
  7696 | D:7      | Succumbed to a killer bee's poison

Illustrated notes

Levels and vault maps discovered:
D:1:      minmay_arrival_widening_spiral_wide, layout_loops_ring
D:2:      layout_basic, xom_butterflies
D:3:      minmay_recursive_quarters, layout_loops_corners,
          eat_drink_and_be_merry_uskayaw, old_standard_altar, minmay_misc_feat_x
D:4:      layout_basic, grunt_dithmenos_smoke
D:5:      layout_basic, chequers_temple_overflow_statue_of_worship,
          lemuel_crystal_altar, serial_bayou_pond_a, makhleb_heckhound_becter
D:6:      layout_layer_cave, minmay_temple_entry_slanted,
          kennysheep_generic_room_16
D:7:      layout_loops_ring, minmay_chambers_of_fives, uniq_menkaure
D:8:      layout_cave_pods, enter_bailey_1, serial_shops,
          nicolae_shop_statue_plus, serial_ice, serial_ice_o, serial_ice_k,
          serial_ice_a, serial_ice_c, serial_ice_n, serial_ice_h, serial_ice_g,
          serial_ice_b, serial_ice_d, serial_ice_f, elyvilon_altar_5

Skill      XL: |  1  2  3  4  5  6  7  8 |
---------------+-------------------------+-----
Stealth        | 3 |  3.0
Unarmed Combat | 8 9 |  9.5
Invocations    | 7 8 |  8.9
Dodging        | 5 6 7 |  7.8
Fighting       | 4 5 |  5.8

Action                   |  1- 3 |  4- 6 |  7- 9 || total
-------------------------+-------+-------+-------++-------
Melee: Unarmed           |    39 |   181 |   196 ||   416
       Bite              |     4 |    20 |    23 ||    47
       Punch             |       |     6 |     5 ||    11
Invok: Stomp             |       |     6 |    15 ||    21
  Use: Potion            |     1 |     1 |     9 ||    11
       Scroll            |       |       |     1 ||     1
 Stab: Sleeping          |     8 |    16 |     9 ||    33
       Paralysed         |       |     2 |     5 ||     7
       Distracted        |       |     2 |     2 ||     4
Armor: Skin              |       |     3 |     9 ||    12
Dodge: Dodged            |    27 |   135 |   271 ||   433

Table legend: (Time is in decaauts)
 A = Elapsed time spent in this place.
 B = Non-inter-level travel time spent in this place.
 C = Inter-level travel time spent in this place.
 D = Time resting spent in this place.
 E = Time spent auto-exploring this place.
 F = Levels seen in this place.
 G = Mean time per level.
                   A        B        C        D        E       F      G
               +--------+--------+--------+--------+--------+-----+--------+
         Total |   6821 |   6605 |    216 |   1469 |   4214 |   8 |  852.6 |
       Dungeon |   6821 |   6605 |    216 |   1469 |   4214 |   8 |  852.6 |
               +--------+--------+--------+--------+--------+-----+--------+

Top non-repeatable levels by time:
     D:6: 1851 daAuts
     D:7: 1421 daAuts
     D:3: 1388 daAuts
     D:2: 897 daAuts
     D:5: 694 daAuts
     D:4: 487 daAuts
     D:1: 71 daAuts
     D:8: 9 daAuts
